 Dungeon Crawl Stone Soup version 0.31-a0-152-g6aa68a64a1 (webtiles) character file.

Game seed: 18012000410751750457

2861 qw the Skirmisher (level 9, -7/79 HPs)
             Began as a Minotaur Hunter on June 9, 2023.
             Was a Believer of Okawaru.
             Mangled by a shadow (19 damage)
             ... on level 8 of the Dungeon.
             The game lasted 00:02:42 (5833 turns).

qw the Skirmisher (Minotaur Hunter)                 Turns: 5833, Time: 00:02:43

Health: -7/79      AC: 10    Str: 16    XL:     9   Next: 47%
Magic:  9/11       EV: 16    Int:  6    God:    Okawaru [**....]
Gold:   354        SH:  0    Dex: 18    Spells: 8/8 levels left

rFire   . . .        Y - +0 orcbow
rCold   . . .        (shield currently unavailable)
rNeg    . . .        j - +0 ring mail
rPois   .            (helmet restricted)
rElec   .            g - +0 cloak
rCorr   .            (no gloves)
SInv    .            i - +1 pair of boots
Will    .....        (no amulet)
Stlth   +++          (no ring)
HPRegen 0.33/turn    (no ring)
MPRegen 0.12/turn

%: no passive effects
@: about to teleport, heroic
A: horns 2, retaliatory headbutt
a: Renounce Religion, Heroism


You were on level 8 of the Dungeon.
You worshipped Okawaru.
Okawaru was pleased with you.
You visited 1 branch of the dungeon, and saw 8 of its levels.

You collected 354 gold pieces.


Innate Abilities, Weirdness & Mutations

You have a pair of horns on your head.
You reflexively headbutt those who attack you in melee.


   Skills:
 - Level 7.0(12.0) Fighting
 + Level 11.9(16.9) Ranged Weapons
 - Level 3.2(8.2) Armour
 - Level 4.0(9.0) Dodging
 - Level 0.7(5.7) Stealth
 - Level 4.2 Invocations


You had 8 spell levels left.
You didn't know any spells.
Your spell library was empty.

Inventory:

Hand Weapons
 Y - a +0 orcbow (weapon)
Armour
 g - a +0 cloak (worn)
 i - a +1 pair of boots (worn)
 j - a +0 ring mail (worn)
Scrolls
 a - 2 scrolls of identify
 d - a scroll of teleportation
Potions
 b - 4 potions of curing
 c - a potion of might
 e - 2 potions of mutation
 f - 2 potions of haste
 k - a potion of cancellation

Dungeon Overview and Level Annotations

Branches:
Dungeon (8/15)             Temple (0/1) D:5
   Lair: D:8-11

Altars:
Dithmenos
Nemelex Xobeh
Okawaru
Trog
Vehumet
Yredelemnul

Portals:
Bailey: D:8

Annotations:
D:3 1 runed translucent door, Crazy Yiuf
D:4 Natasha


Message History

The shadow misses you.
You shoot an arrow. The arrow completely misses the shadow.
Okawaru accepts your kill.
Reactivating autopickup.
You feel a bit more experienced. The shadow hits you.
You shoot an arrow. The arrow barely misses the shadow.
The shadow slips into darkness.
The shadow flickers and vanishes!
Deactivating autopickup; reactivate with Ctrl-A.
You shoot an arrow.
The shadow strikes at you from the darkness!
Reactivating autopickup.
5826 ||| INVOKING Heroism.
You gain the combat prowess of a mighty hero.
The shadow hits you.
You shoot an arrow.
The arrow hits the shadow but does no damage.
The shadow is heavily damaged.
The shadow hits you!
You shoot an arrow. The arrow closely misses the shadow.
You hear the faint creaking of a portcullis nearby.
The shadow closely misses you.
You shoot an arrow. The arrow barely misses the shadow.
The shadow slips into darkness.
The shadow flickers and vanishes!
Deactivating autopickup; reactivate with Ctrl-A.
You shoot an arrow. You shoot an arrow.
The shadow strikes at you from the darkness!
Reactivating autopickup.
5832 ||| READING 2 scrolls of teleportation.
As you read the scroll of teleportation, it crumbles to dust.
You feel strangely unstable.
The shadow slips into darkness.
The shadow flickers and vanishes!
Deactivating autopickup; reactivate with Ctrl-A.
You shoot an arrow.
The shadow strikes at you from the darkness!
You die...

#########
#@).....#
#{#####.#
#)# #.#
#)# #.#
#.. #.#
### #.#
#.# #.#
#.#


There were no monsters in sight!

Vanquished Creatures
  Grinder (D:3)
  Sigmund (D:5)
  2 water moccasins
  An ice beast (D:6)
  A swamp drake (D:6)
  A sky beast (D:7)
  3 ogres
  2 centaurs
  5 phantoms
  A kobold brigand (D:5)
  3 bullfrogs
  2 scorpions
  2 howler monkeys
  An orc priest (D:7)
  A hound (D:6)
  A jelly (D:6)
  A gnoll bouda (D:6)
  7 iguanas
  Ijyb (D:5)
  Natasha (twice) (D:4)
  5 orc wizards
  A sleepcap (D:5)
  4 adders
  4 gnolls (D:6)
  4 white imps
  An ufetubus (D:5)
  4 worms
  3 dart slugs
  23 orcs
  5 bats
  7 endoplasms
  4 giant cockroaches
  17 hobgoblins
  A jackal (D:3)
  10 kobolds
  5 quokkas
  6 ball pythons
  5 frilled lizards
  21 goblins
  4 rats
173 creatures vanquished.

Notes
Turn   | Place    | Note
-------+----------+-------------------------------------------
     0 | D:1      | qw the Minotaur Hunter began the quest for the Orb.
     0 | D:1      | Reached XP level 1. HP: 18/18 MP: 0/0
     0 | D:1      | 0 ||| qw: Version: 0.2-a-121-gba3a3e5
     0 | D:1      | 0 ||| qw: Game counter: 3203
     0 | D:1      | 0 ||| qw: Always use a shield: true
     0 | D:1      | 0 ||| qw: God list: Okawaru
     0 | D:1      | 0 ||| qw: Allow faded altars: false
     0 | D:1      | 0 ||| qw: Do Orc after D:15 true
     0 | D:1      | 0 ||| qw: Do second Lair branch before Depths: true
     0 | D:1      | 0 ||| qw: Lair rune preference: random
     0 | D:1      | 0 ||| qw: Plans: Normal
     0 | D:1      | 0 ||| PLANNING D:1-11
    58 | D:1      | Reached XP level 2. HP: 24/25 MP: 1/1
   133 | D:1      | Reached skill level 5 in Ranged Weapons
   411 | D:1      | Reached skill level 3 in Fighting
   556 | D:1      | Reached XP level 3. HP: 31/31 MP: 2/2
   924 | D:1      | 924 ||| UPGRADING to +0 cloak.
   929 | D:1      | 929 ||| READING scroll labelled ZOYGGY QEGEWK.
   930 | D:1      | 930 ||| READING scroll labelled DIEXOO VAISMY.
   931 | D:1      | 931 ||| READING scroll labelled GEOJUL WAOD MIBB.
  1032 | D:1      | 1032 ||| DROPPING scroll of butterflies.
  1300 | D:2      | Reached XP level 4. HP: 38/38 MP: 3/3
  1303 | D:2      | Reached skill level 6 in Ranged Weapons
  1350 | D:2      | Found an iron altar of Okawaru.
  1352 | D:2      | 1352 ||| PLANNING OKAWARU WORSHIP
  1352 | D:2      | 1352 ||| UPGRADING to +0 pair of boots.
  1357 | D:2      | 1357 ||| READING scroll labelled ZELERGH LUSIEM.
  1358 | D:2      | 1358 ||| READING scroll labelled XEMUCR GEDUS.
  1359 | D:2      | 1359 ||| READING scroll labelled QAOTAXTUIMA.
  1367 | D:2      | Became a worshipper of Warmaster Okawaru
  1367 | D:2      | 1367 ||| PLANNING D:1-11
  1462 | D:2      | 1462 ||| READING scroll labelled COIGIHIBRU.
  1527 | D:3      | Reached skill level 1 in Armour
  1633 | D:3      | Found a runed translucent door.
  1634 | D:3      | Noticed Crazy Yiuf
  1772 | D:3      | Noticed Grinder
  1773 | D:3      | 1773 ||| Stepping ~*~*~tactically~*~*~ (outnumbered).
  1796 | D:3      | Killed Grinder
  1796 | D:3      | Reached * piety under Okawaru
  1797 | D:3      | Reached skill level 6 in Fighting
  1797 | D:3      | Reached XP level 5. HP: 37/50 MP: 4/4
  1797 | D:3      | Reached XP level 6. HP: 42/57 MP: 5/5
  1797 | D:3      | 1797 ||| FLEEEEING.
  1799 | D:3      | 1799 ||| FLEEEEING.
  1800 | D:3      | 1800 ||| FLEEEEING.
  1801 | D:3      | 1801 ||| FLEEEEING.
  1802 | D:3      | 1802 ||| FLEEEEING.
  1803 | D:3      | 1803 ||| FLEEEEING.
  1804 | D:3      | 1804 ||| FLEEEEING.
  1805 | D:3      | 1805 ||| FLEEEEING.
  1806 | D:3      | 1806 ||| FLEEEEING.
  1807 | D:3      | 1807 ||| FLEEEEING.
  1808 | D:3      | 1808 ||| FLEEEEING.
  1809 | D:3      | 1809 ||| FLEEEEING.
  1810 | D:3      | 1810 ||| FLEEEEING.
  1811 | D:3      | 1811 ||| FLEEEEING.
  1812 | D:3      | 1812 ||| FLEEEEING.
  1813 | D:3      | 1813 ||| FLEEEEING.
  1820 | D:3      | 1820 ||| FLEEEEING.
  1823 | D:3      | 1823 ||| FLEEEEING.
  1824 | D:3      | 1824 ||| FLEEEEING.
  1825 | D:3      | 1825 ||| FLEEEEING.
  1826 | D:3      | 1826 ||| FLEEEEING.
  1827 | D:3      | 1827 ||| FLEEEEING.
  1828 | D:3      | 1828 ||| FLEEEEING.
  1829 | D:3      | 1829 ||| FLEEEEING.
  1830 | D:3      | 1830 ||| FLEEEEING.
  2146 | D:3      | Reached skill level 1 in Invocations
  2409 | D:3      | 2409 ||| UPGRADING to +0 ring mail.
  2419 | D:3      | 2419 ||| DROPPING +0 leather armour.
  2420 | D:3      | 2420 ||| DRINKING 2 white potions.
  2421 | D:3      | 2421 ||| READING 2 scrolls of identify.
  2421 | D:3      | 2421 ||| IDENTIFYING silvery potion
  2476 | D:4      | 2476 ||| INVOKING Heroism.
  2545 | D:4      | Reached XP level 7. HP: 59/63 MP: 7/7
  2577 | D:4      | 2577 ||| INVOKING Heroism.
  2741 | D:4      | 2741 ||| INVOKING Heroism.
  2748 | D:4      | Reached skill level 7 in Ranged Weapons
  2748 | D:4      | Reached skill level 3 in Invocations
  2837 | D:4      | Noticed Natasha
  2838 | D:4      | 2838 ||| INVOKING Heroism.
  2863 | D:4      | 2863 ||| INVOKING Heroism.
  2869 | D:4      | Killed Natasha
  2935 | D:4      | Noticed Natasha
  2936 | D:4      | 2936 ||| INVOKING Heroism.
  2939 | D:4      | Killed Natasha
  2968 | D:4      | Noticed Natasha
  2969 | D:4      | 2969 ||| FLEEEEING.
  3106 | D:4      | 3106 ||| READING 2 scrolls labelled VOLUPR XAINEO.
  3107 | D:4      | 3107 ||| READING scroll labelled HILERGH FUAC.
  3108 | D:4      | 3108 ||| DROPPING scroll of amnesia.
  3130 | D:5      | Entered Level 5 of the Dungeon
  3212 | D:5      | 3212 ||| INVOKING Heroism.
  3214 | D:5      | Reached skill level 8 in Ranged Weapons
  3214 | D:5      | Reached XP level 8. HP: 40/70 MP: 7/10
  3390 | D:5      | Found a staircase to the Ecumenical Temple.
  3424 | D:5      | Reached skill level 3 in Dodging
  3440 | D:5      | 3440 ||| INVOKING Heroism.
  3614 | D:5      | Noticed Sigmund
  3615 | D:5      | 3615 ||| INVOKING Heroism.
  3625 | D:5      | Killed Sigmund
  3643 | D:5      | Reached skill level 9 in Ranged Weapons
  3761 | D:5      | Found a bloodstained altar of Trog.
  3762 | D:5      | Noticed Ijyb
  3763 | D:5      | 3763 ||| FLEEEEING.
  3768 | D:5      | 3768 ||| INVOKING Heroism.
  3774 | D:5      | Killed Ijyb
  3949 | D:5      | Found a radiant altar of Vehumet.
  3972 | D:5      | Found a shadowy altar of Dithmenos.
  4157 | D:5      | 4157 ||| READING scroll labelled KUUMIA JAYROI.
  4158 | D:5      | 4158 ||| DRINKING 4 fuming orange potions.
  4159 | D:5      | 4159 ||| READING 4 scrolls of identify.
  4159 | D:5      | 4159 ||| IDENTIFYING bubbling blue potion
  4160 | D:5      | 4160 ||| READING 3 scrolls of identify.
  4160 | D:5      | 4160 ||| IDENTIFYING smoky amethyst potion
  4161 | D:5      | 4161 ||| DROPPING potion of lignification.
  4162 | D:5      | 4162 ||| DROPPING 3 potions of invisibility.
  4312 | D:6      | 4312 ||| INVOKING Heroism.
  4402 | D:6      | Reached skill level 10 in Ranged Weapons
  4434 | D:6      | Reached skill level 3 in Armour
  4494 | D:6      | Noticed Edmund
  4495 | D:6      | 4495 ||| INVOKING Heroism.
  4504 | D:6      | Edmund changed into Edmund the swamp drake
  4504 | D:6      | Noticed Edmund
  4510 | D:6      | 4510 ||| DRINKING 4 potions of curing.
  4510 | D:6      | 4510 ||| (to cure confusion)
  4512 | D:6      | Killed Edmund the swamp drake
  4602 | D:6      | Reached XP level 9. HP: 79/79 MP: 11/11
  4616 | D:6      | 4616 ||| READING scroll of enchant weapon.
  4616 | D:6      | 4616 ||| ENCHANTING +1 shortbow of chaos.
  4634 | D:6      | Found a sparkling altar of Nemelex Xobeh.
  4828 | D:6      | 4828 ||| Stepping ~*~*~tactically~*~*~ (outnumbered).
  4838 | D:6      | 4838 ||| FLEEEEING.
  4839 | D:6      | 4839 ||| FLEEEEING.
  5040 | D:6      | 5040 ||| INVOKING Heroism.
  5105 | D:6      | 5105 ||| READING 3 scrolls of identify.
  5105 | D:6      | 5105 ||| IDENTIFYING coppery potion
  5121 | D:7      | 5121 ||| STAIRDANCE
  5123 | D:6      | 5123 ||| INVOKING Heroism.
  5256 | D:7      | 5256 ||| INVOKING Heroism.
  5269 | D:7      | Reached skill level 11 in Ranged Weapons
  5285 | D:7      | 5285 ||| SWAPPING to +0 orcbow.
  5286 | D:7      | 5286 ||| DROPPING +2 shortbow of chaos.
  5321 | D:7      | 5321 ||| READING scroll of enchant armour.
  5321 | D:7      | 5321 ||| ENCHANTING +0 pair of boots.
  5332 | D:7      | Reached ** piety under Okawaru
  5337 | D:7      | 5337 ||| INVOKING Heroism.
  5481 | D:7      | 5481 ||| INVOKING Heroism.
  5656 | D:7      | 5656 ||| READING 3 scrolls labelled KUIFUCWIORU.
  5660 | D:7      | 5660 ||| READING 3 scrolls of identify.
  5660 | D:7      | 5660 ||| IDENTIFYING amethyst potion
  5695 | D:8      | Found a basalt altar of Yredelemnul.
  5745 | D:8      | Found a flagged portal.
  5826 | D:8      | 5826 ||| INVOKING Heroism.
  5831 | D:8      | HP: 12/79 [something (27)]
  5832 | D:8      | 5832 ||| READING 2 scrolls of teleportation.
  5833 | D:8      | Mangled by a shadow

Levels and vault maps discovered:
D:1:      minmay_arrival_arboretum_large, layout_basic
D:2:      layout_rooms, basic_altar, hangedman_decor_growths
D:3:      layout_loops_ring, hangedman_decor_clover_reticule,
          grunt_ministairs_12, minmay_fractal_squares_diagonal_5, uniq_grinder,
          uniq_crazy_yiuf_cottage
D:4:      cheibrodos_greedy_goblins, layout_rooms, uniq_natasha
D:5:      layout_basic, general_overflow_altar, overflow_temple_1_default,
          lemuel_tele_altar, minmay_temple_entry_wispy, skrybe_limestone_x,
          nicolae_eternal_life, uniq_ijyb, uniq_sigmund
D:6:      layout_cave_pods, nemelex_spade_bored_becter, uniq_edmund
D:7:      layout_basic
D:8:      layout_basic, mainiacjoe_overflow_paths, enter_bailey_2,
          nicolae_looking_at_the_future

Skill      XL: |  1  2  3  4  5  6  7  8  9 |
---------------+----------------------------+-----
Ranged Weapons | 5 6 8 10 11 | 11.9
Fighting       | 3 6 7 |  7.0
Armour         | 1 2 3 |  3.2
Invocations    | 2 4 |  4.2
Dodging        | 3 4 |  4.0
Stealth        | |  0.7

Action                     |  1- 3 |  4- 6 |  7- 9 || total
---------------------------+-------+-------+-------++-------
   Fire: Shortbow          |   126 |   137 |   256 ||   519
         Orcbow            |       |       |    53 ||    53
 Invoke: Heroism           |       |     1 |    17 ||    18
    Use: Scroll            |     3 |     5 |    11 ||    19
         Potion            |       |     1 |     2 ||     3
 Armour: Leather armour    |    13 |     4 |       ||    17
         Ring mail         |       |     2 |    30 ||    32
  Dodge: Dodged            |     9 |    20 |    77 ||   106

Table legend:
 A = Non-vault XP
 B = Vault XP
 C = Vault XP percentage of total XP
 D = Non-vault monster count
 E = Vault monster count
 F = Vault count percentage of total count
                 A         B        C        D         E       F
            +---------+---------+-------+---------+---------+-------
      Total |    3297 |     791 |  19.3 |     145 |      28 |  16.2
            +---------+---------+-------+---------+---------+-------
        D:1 |      54 |       0 |   0.0 |      30 |       0 |   0.0
        D:2 |      64 |       0 |   0.0 |      19 |       0 |   0.0
        D:3 |      60 |     338 |  84.9 |      17 |      13 |  43.3
        D:4 |     579 |      56 |   8.8 |      27 |      12 |  30.8
        D:5 |     672 |     267 |  28.4 |      19 |       2 |   9.5
        D:6 |     905 |     130 |  12.6 |      18 |       1 |   5.3
        D:7 |     890 |       0 |   0.0 |      12 |       0 |   0.0
        D:8 |      73 |       0 |   0.0 |       3 |       0 |   0.0
            +---------+---------+-------+---------+---------+-------
